 Dungeon Crawl Stone Soup version 0.20.1-1-g8b1a95d (webtiles) character file.

224507 KleinerIrrer the Brawler (level 18, -3/159 HPs)
             Began as a Troll Fighter on July 6, 2017.
             Was a High Priest of Okawaru.
             Slain by a cyan very ugly thing (21 damage)
             ... on level 2 of the Depths on July 7, 2017.
             The game lasted 02:41:19 (33727 turns).

KleinerIrrer the Brawler (Troll Fighter)           Turns: 33727, Time: 02:41:20

Health: -3/159     AC: 23    Str: 32    XL:     18   Next: 59%
Magic:  23/24      EV: 15    Int:  9    God:    Okawaru [*****.]
Gold:   1709       SH: 19    Dex: 11    Spells: 17/17 levels left

rFire    + + +     SeeInvis .     - Unarmed
rCold    + . .     Gourm    +   K - +2 shield {reflect}
rNeg     + + .     Faith    .   C - +0 fire dragon scales
rPois    +         Spirit   .   q - +2 hat of Hadjma {rF+ Int+3 Slay+3 Stlth+}
rElec    .         Reflect  +   B - +4 cloak of Fashionability {rN++ Dex-2}
rCorr    .         Harm     .   (gloves unavailable)
MR       +....                  (boots unavailable)
Stlth    +++.......             t - amulet "Huat" {Reflect rPois Str+3 SH+3 Stlth+}
Regen    0.8/turn               p - ring of protection from cold
MPRegen  0.2/turn               S - ring of protection from cold

@: heroism
A: unfitting armour, claws 3, fast metabolism 3, gourmand, regeneration 1,
shaggy fur 1, tough skin 2
}: 1/15 runes: barnacled
a: Heroism, Finesse, Renounce Religion


You were on level 2 of the Depths.
You worshipped Okawaru.
Okawaru was extremely pleased with you.
You were not hungry.

You visited 7 branches of the dungeon, and saw 31 of its levels.
You also visited: Volcano.

You collected 3007 gold pieces.
You spent 1298 gold pieces at shops.

Inventory:

Missiles
 x - 13 large rocks (quivered)
Armour
 q - the +2 hat of Hadjma (worn) {rF+ Int+3 Slay+3 Stlth+}
   (Okawaru gifted it to you on level 1 of the Depths)

   It affects your intelligence (+3).
   It affects your accuracy and damage with ranged weapons and melee attacks
   (+3).
   It protects you from fire.
   It makes you more stealthy.
 B - the +4 cloak of Fashionability (worn) {rN++ Dex-2}
   (Okawaru gifted it to you on level 15 of the Dungeon)

   It affects your dexterity (-2).
   It greatly protects you from negative energy.
 C - +0 fire dragon scales (worn)
 K - a +2 shield of reflection (worn)
 R - a +1 hat
Jewellery
 j - an uncursed ring of flight
 p - a ring of protection from cold (left claw)
 t - the amulet "Huat" (around neck) {Reflect rPois Str+3 SH+3 Stlth+}
   (You acquired it on level 1 of the Lair of Beasts)

   [amulet of reflection]

   It shields you and reflects attacks.
   It affects your strength (+3).
   It protects you from poison.
   It affects your SH (+3).
   It makes you more stealthy.
 S - a ring of protection from cold (right claw)
Wands
 A - a wand of lightning (7/15)
 F - a wand of flame (21/48)
 G - a wand of scattershot (4/9)
 H - a wand of acid (4/15)
 J - a wand of paralysis (12/24)
Scrolls
 k - 4 scrolls of remove curse
 D - 2 scrolls of fog
 L - 7 scrolls of teleportation
 O - 5 scrolls of identify
 T - 3 scrolls of magic mapping
 Z - 3 scrolls of fear
Potions
 a - 3 potions of haste
 c - 2 potions of magic
 e - a potion of heal wounds
 f - 5 potions of agility
 h - a potion of mutation
 l - 4 potions of ambrosia
 n - 2 potions of cancellation
 o - a potion of flight
 s - 3 potions of invisibility
 u - a potion of might
 w - 8 potions of curing
 z - a potion of resistance
 N - a potion of berserk rage
Miscellaneous
 b - a sack of spiders
 i - a lamp of fire
 r - 2 boxes of beasts
 Q - a phial of floods
Comestibles
 d - 17 bread rations
 g - 8 meat rations
 m - 40 fruits
 v - 17 royal jellies


   Skills:
 + Level 6.2(11.2) Fighting
   Level 0.2(5.2) Polearms
 * Level 10.9(15.9) Throwing
 + Level 9.4(14.4) Armour
 + Level 9.4(14.4) Dodging
 - Level 10.0(15.0) Shields
 + Level 18.3(23.3) Unarmed Combat
 * Level 10.5 Invocations
 * Level 8.5 Evocations


You had 17 spell levels left.
You didn't know any spells.

Dungeon Overview and Level Annotations

Branches:
Dungeon (15/15)            Temple (1/1) D:6            Lair (6/6) D:11
 Shoals (4/4) Lair:2        Snake (0/4) Lair:3        Slime (0/5) Lair:5
    Orc (2/2) D:12            Elf (1/3) Orc:2        Vaults (0/5) D:13
 Depths (2/5) D:15

Altars:
Ashenzari
Cheibriados
Dithmenos
Hepliaklqana
Kikubaaqudgha
Okawaru
Xom
The Shining One
Jiyva

Shops:
D:4 =   D:6 !   D:7 **%!%   D:8 *   Orc:1 =   Orc:2 (*%[   Shoals:2 [
Shoals:4 %   Depths:1 [:

Portals:
Hell: Depths:1
Abyss: Depths:1
Trove: D:13 (give +4 demon whip)


Innate Abilities, Weirdness & Mutations

You are too large for most types of armour.
You have claws for hands.
Your metabolism is lightning-fast.
You like to eat raw meat.
Your natural rate of healing is unusually fast.
You are covered in fur. (AC +1)
You have very tough skin. (AC +2)


Message History

The fire dragon is severely wounded.
The fire dragon breathes flames at you. The blast of flame hits you!
You resist.
* * * LOW HITPOINT WARNING * * *
You hear a horrible gurgling sound! x2
You eviscerate the fire dragon!!!
You kill the fire dragon!
Okawaru accepts your kill.
You block the cyan very ugly thing's attack.
You claw the cyan very ugly thing!
The cyan very ugly thing is lightly wounded.
You block the cyan very ugly thing's attack.
You eviscerate the cyan very ugly thing!!!
The cyan very ugly thing is heavily wounded.
You closely miss the cyan very ugly thing.
The cyan very ugly thing is heavily wounded.
The cyan very ugly thing engulfs you!
* * * LOW HITPOINT WARNING * * *
The cyan very ugly thing shocks you!!
You die...

##.%.###.#.###
#.......#....#
#............#
#.....#.....#
#..........##
#..≈[.......#
#....##......###
.......
#........#####
..#..≈m
#....u@....... .
#..≈.
#.........####
#.#...
##.#...####
#.#### ####.## .
###


You could see a cyan very ugly thing.

Vanquished Creatures
  Jorgrun (Depths:1)
  Rupert (Lair:5)
  A lich (Depths:1)
  A sphinx (Depths:1)
  2 krakens
  The ghost of toffzen the Fighter, an adept DsBe of Trog (Shoals:4)
  Ilsuiw (Shoals:4)
  A fire giant (Depths:1)
  A frost giant (Depths:1)
  Nessos (D:14)
  A lorocyproca (Depths:1)
  A spark wasp (Depths:1)
  2 ettins
  4 merfolk javelineers
  6 merfolk impalers
  3 fire dragons
  A yaktaur captain (D:15)
  A great orb of eyes (D:9)
  5 ice dragons
  6 ogre magi
  A vault guard (D:13)
  A catoblepas (Lair:5)
  13 hydras
  21 two-headed ogres
  A death knight (D:15)
  12 centaur warriors
  7 merfolk aquamancers
  A deep troll shaman (Depths:1)
  4 merfolk avatars
  3 tengu warriors (D:13)
  2 satyrs
  An orc high priest (Orc:2)
  6 death yaks
  A deep troll earth mage (Depths:1)
  Nergalle (D:11)
  An iron troll (Depths:1)
  18 sea snakes
  3 unseen horrors
  4 deep trolls
  2 harpies (Shoals:4)
  A wolf spider zombie (D:15)
  A lindwurm (Volcano)
  An oklob plant (D:10)
  A wolf spider (D:15)
  9 ugly things
  3 cyclopes
  3 deep elf magi
  9 fauns
  3 elephants (Lair:6)
  A manticore (shapeshifter) (Depths:1)
  16 manticores
  2 centaur zombies (D:14)
  Psyche (D:8)
  An ice statue (D:10)
  10 water nymphs
  2 gargoyles
  7 black mambas
  6 merfolk sirens
  A molten gargoyle (Volcano)
  27 spiny frogs
  2 freezing wraiths (D:15)
  A kobold demonologist (Depths:1)
  2 yaktaurs (D:15)
  2 rime drakes (Lair:2)
  6 komodo dragons
  5 tengu conjurers
  36 merfolk
  A jumping spider (shapeshifter) (D:9)
  4 tyrant leeches (Lair:6)
  11 trolls
  7 wind drakes
  15 blink frogs
  12 slime creatures
  13 hippogriffs
  A meliai zombie (D:14)
  17 dream sheep
  10 snapping turtles
  3 shadows
  10 water elementals
  4 wyverns
  3 wraiths
  15 fire bats (Volcano)
  52 yaks
  3 basilisks
  Grum (D:10)
  A steam dragon (Volcano)
  6 vampire mosquitoes
  2 hungry ghosts
  5 swamp worms (D:9)
  An acid dragon (shapeshifter) (D:9)
  A warg (Orc:2)
  3 hell hounds
  Duvessa (D:7)
  22 water moccasins
  6 porcupines
  A floating eye (Depths:1)
  A black bear (D:13)
  An eye of draining (D:13)
  8 ice beasts
  18 orc warriors
  5 necrophages
  3 sky beasts
  36 ogres
  A tengu (shapeshifter) (Depths:1)
  4 boggarts (Depths:1)
  8 wolves
  21 centaurs
  A big kobold (D:13)
  11 crocodiles
  27 bullfrogs
  Dowan (D:7)
  A wyvern skeleton (D:13)
  2 scorpions
  6 killer bees
  9 wights
  3 spriggan skeletons (D:12)
  3 electric eels
  11 crimson imps
  3 bullfrog zombies
  6 lava snakes (Volcano)
  13 orc priests
  6 hounds
  16 jellies
  6 centaur skeletons
  27 orc wizards
  3 iguanas
  12 worker ants
  A hound skeleton (D:8)
  15 adders
  4 gnolls (Orc:2)
  4 shadow imps
  20 oozes
  An adder skeleton (D:8)
  2 adder zombies
  15 worms
  A dart slug (D:5)
  3 leopard geckos
  71 orcs
  5 giant cockroaches
  4 goblins
  3 hobgoblins
  3 jackals
  5 quokkas
  4 ball pythons
  4 bats
  A frilled lizard (D:4)
  A jackal zombie (D:5)
  5 kobolds
  A leopard gecko zombie (D:9)
  4 rats
  7 tentacles
991 creatures vanquished.

Vanquished Creatures (others)
  3 merfolk javelineers (Shoals:4)
  2 satyrs (Shoals:4)
  A cyclops (Shoals:4)
  3 fauns
  7 centaurs
  4 bushes (Lair:6)
  32 fungi
  46 plants
  34 tentacles
132 creatures vanquished.

Grand Total: 1123 creatures vanquished

Notes
Turn   | Place    | Note
-------+----------+-------------------------------------------
     0 | D:1      | KleinerIrrer the Troll Fighter began the quest for the Orb.
     0 | D:1      | Reached XP level 1. HP: 22/22 MP: 0/0
    35 | D:1      | Reached XP level 2. HP: 24/29 MP: 1/1
   678 | D:2      | Found a hazy altar of Hepliaklqana.
   678 | D:2      | Found a shadowy altar of Dithmenos.
   794 | D:2      | Reached XP level 3. HP: 28/36 MP: 2/2
  1469 | D:3      | Reached XP level 4. HP: 40/44 MP: 3/3
  1563 | D:3      | Reached skill level 3 in Unarmed Combat
  1928 | D:4      | Reached XP level 5. HP: 47/52 MP: 4/4
  2039 | D:4      | Found Diwepsy's Jewellery Shop.
  2372 | D:5      | Entered Level 5 of the Dungeon
  2441 | D:5      | Reached XP level 6. HP: 59/59 MP: 5/5
  2480 | D:5      | Reached skill level 4 in Unarmed Combat
  2698 | D:5      | Noticed an ice beast
  2707 | D:5      | Killed an ice beast
  2707 | D:5      | Reached skill level 1 in Throwing
  2742 | D:5      | Reached XP level 7. HP: 31/67 MP: 6/6
  2852 | D:5      | Reached skill level 5 in Unarmed Combat
  2877 | D:5      | Found a shimmering altar of Xom.
  3103 | D:6      | Reached XP level 8. HP: 75/75 MP: 7/7
  3262 | D:6      | Reached skill level 6 in Unarmed Combat
  3588 | D:6      | Found Vinluin's Distillery.
  3600 | D:6      | Bought 2 potions of heal wounds for 150 gold pieces
  3600 | D:6      | Bought a potion of curing for 45 gold pieces
  3600 | D:6      | Bought a potion of might for 60 gold pieces
  3740 | D:6      | Got a distressingly furry robe
  3751 | D:6      | Identified the +1 robe "Olehet" {rC- rN+ Str+9 Stlth-} (You found it on level 6 of the Dungeon)
  3815 | D:6      | Found a snail-covered altar of Cheibriados.
  4002 | D:6      | You fall through a shaft for 2 floors!
  4020 | D:8      | Noticed Psyche
  4025 | D:8      | Killed Psyche
  4025 | D:8      | Reached skill level 5 in Shields
  4025 | D:8      | Reached skill level 7 in Unarmed Combat
  4049 | D:8      | Found Jiocw's Assorted Antiques.
  4158 | D:8      | Found an iron altar of Okawaru.
  4167 | D:8      | Became a worshipper of Warmaster Okawaru
  4431 | D:8      | Reached XP level 9. HP: 83/83 MP: 8/8
  4547 | D:8      | Reached skill level 8 in Unarmed Combat
  4566 | D:8      | Reached * piety under Okawaru
  4707 | D:8      | Reached skill level 5 in Dodging
  4913 | D:7      | Found a glowing golden altar of the Shining One.
  5020 | D:7      | Found Labb's Food Emporium.
  5042 | D:7      | Found Kagiuxkyl's Food Shop.
  5117 | D:7      | Noticed Duvessa
  5118 | D:7      | Noticed Dowan
  5139 | D:7      | Killed Duvessa
  5217 | D:7      | Found Zieceety's Assorted Antiques.
  5340 | D:7      | Found Hocsunli's Distillery.
  5356 | D:7      | Found Iphaschi's General Store.
  5454 | D:7      | Killed Dowan
  5454 | D:7      | Reached skill level 9 in Unarmed Combat
  5822 | D:9      | Noticed a two-headed ogre
  5826 | D:9      | Killed a two-headed ogre
  5826 | D:9      | Reached ** piety under Okawaru
  5847 | D:9      | Reached skill level 10 in Unarmed Combat
  5961 | D:9      | Reached *** piety under Okawaru
  5981 | D:9      | Reached XP level 10. HP: 61/92 MP: 9/9
  6549 | D:9      | Noticed a cyclops
  6559 | D:9      | Reached skill level 11 in Unarmed Combat
  6566 | D:9      | Killed a cyclops
  6566 | D:9      | Reached **** piety under Okawaru
  6819 | D:9      | Noticed a great orb of eyes
  6819 | D:9      | Noticed an ettin
  6828 | D:9      | Killed a great orb of eyes
  6833 | D:9      | Killed an ettin
  6833 | D:9      | Reached ***** piety under Okawaru
  6833 | D:9      | Reached skill level 12 in Unarmed Combat
  6835 | D:9      | Noticed a four-headed hydra
  6835 | D:9      | Reached XP level 11. HP: 32/100 MP: 6/10
  6845 | D:9      | HP: 3/100 [four-headed hydra (5)]
  6848 | D:9      | Killed a four-headed hydra
  7028 | D:9      | Got a brightly glowing golden ring
  7032 | D:9      | Identified the ring of Ofuehian {MP+9 Str-3 Dex+4} (You found it on level 9 of the Dungeon)
  7117 | D:9      | Reached skill level 1 in Invocations
  7120 | D:9      | Noticed a two-headed ogre
  7127 | D:9      | Killed a two-headed ogre
  7127 | D:9      | Received a gift from Okawaru
  7244 | D:9      | Found a shadowy altar of Dithmenos.
  7341 | D:10     | Entered Level 10 of the Dungeon
  7398 | D:10     | Noticed Grum
  7413 | D:10     | Killed Grum
  7554 | D:10     | Noticed an oklob plant
  8134 | D:10     | Reached skill level 1 in Evocations
  8341 | D:11     | Noticed a six-headed hydra
  8540 | D:11     | Found a staircase to the Lair.
  8730 | D:11     | HP: 2/101 [something (9)]
  8732 | D:11     | Killed an unseen horror
  8949 | D:11     | Reached skill level 13 in Unarmed Combat
  9051 | D:11     | Noticed Nergalle
  9061 | D:11     | Killed Nergalle
  9294 | Lair:1   | Entered Level 1 of the Lair of Beasts
  9320 | Lair:1   | Identified a scroll of acquirement
  9323 | Lair:1   | Got a slimy jade amulet
  9324 | Lair:1   | Identified the amulet "Huat" {Reflect rPois Str+3 SH+3 Stlth+} (You acquired it on level 1 of the Lair of Beasts)
  9543 | Lair:1   | Reached XP level 12. HP: 96/109 MP: 13/13
  9685 | Lair:1   | Received a gift from Okawaru
 10017 | Lair:1   | Found a dark tunnel.
 10022 | Volcano  | Entered a volcano
 10049 | Volcano  | Received a gift from Okawaru
 10403 | Volcano  | Noticed a fire dragon
 10549 | Volcano  | Reached skill level 5 in Throwing
 10561 | Volcano  | Killed a fire dragon
 10678 | Volcano  | Found a bloodstained altar of Trog.
 11166 | Lair:2   | Found a staircase to the Shoals.
 11256 | Lair:2   | Reached skill level 1 in Armour
 11907 | Lair:3   | Noticed a seven-headed hydra
 11912 | Lair:3   | Killed a seven-headed hydra
 11912 | Lair:3   | Reached skill level 14 in Unarmed Combat
 12137 | Lair:3   | Reached XP level 13. HP: 111/116 MP: 15/15
 12195 | Lair:3   | Found a staircase to the Snake Pit.
 12223 | Lair:3   | Reached skill level 5 in Invocations
 12226 | Lair:3   | Received a gift from Okawaru
 13029 | Lair:4   | Reached skill level 5 in Fighting
 13749 | Lair:5   | Found a staircase to the Slime Pits.
 13749 | Lair:5   | Found a viscous altar of Jiyva.
 13754 | Lair:5   | Noticed Rupert
 13761 | Lair:5   | Paralysed by Rupert for 4 turns
 13773 | Lair:5   | Killed Rupert
 14498 | Lair:6   | Entered Level 6 of the Lair of Beasts
 14510 | Lair:5   | Received a gift from Okawaru
 14559 | Lair:6   | Found a hazy altar of Hepliaklqana.
 14854 | Lair:6   | Reached XP level 14. HP: 127/127 MP: 17/17
 14983 | Lair:6   | Reached skill level 5 in Evocations
 15224 | Lair:6   | Reached skill level 5 in Armour
 15468 | Lair:6   | Reached ****** piety under Okawaru
 15469 | Lair:6   | Received a gift from Okawaru
 15574 | Lair:6   | Received a gift from Okawaru
 15699 | Lair:6   | Got an iridescent giant club {god gift}
 15810 | Lair:6   | Identified the +3 giant club of the Tiger {crush, Str+5 Int+3} (Okawaru gifted it to you on level 6 of the Lair of Beasts)
 16322 | Lair:6   | Reached skill level 15 in Unarmed Combat
 17346 | D:6      | Found a staircase to the Ecumenical Temple.
 17358 | Temple   | Entered the Ecumenical Temple
 17475 | D:7      | Bought a potion of haste for 110 gold pieces
 17475 | D:7      | Bought a potion of experience for 550 gold pieces
 17475 | D:7      | Bought a potion of haste for 110 gold pieces
 17475 | D:7      | Bought 2 potions of heal wounds for 110 gold pieces
 17475 | D:7      | Bought a potion of agility for 44 gold pieces
 17475 | D:7      | Reached XP level 15. HP: 133/133 MP: 19/19
 17810 | D:12     | Received a gift from Okawaru
 18032 | D:12     | Found a staircase to the Orcish Mines.
 18483 | Orc:1    | Entered Level 1 of the Orcish Mines
 18706 | Orc:1    | Found Noshium's Jewellery Emporium.
 19031 | Orc:2    | Entered Level 2 of the Orcish Mines
 19102 | Orc:2    | Found a staircase to the Elven Halls.
 19795 | Orc:2    | Reached XP level 16. HP: 140/143 MP: 17/20
 19811 | Orc:2    | Received a gift from Okawaru
 19820 | Orc:2    | Paralysed by an ogre mage for 7 turns
 19837 | Orc:2    | Received a gift from Okawaru
 20009 | Orc:2    | Found Wiydghopn's Antique Weapon Shoppe.
 20009 | Orc:2    | Found Dovon's Food Boutique.
 20009 | Orc:2    | Found Ishroimm's General Store.
 20009 | Orc:2    | Found Emymenk's Armour Emporium.
 20018 | Orc:2    | Bought a scroll of identify for 28 gold pieces
 20295 | Elf:1    | Entered Level 1 of the Elven Halls
 20956 | Shoals:1 | Entered Level 1 of the Shoals
 21074 | Shoals:1 | Found an ancient bone altar of Kikubaaqudgha.
 21514 | Shoals:1 | Reached skill level 16 in Unarmed Combat
 22369 | Shoals:2 | Received a gift from Okawaru
 22372 | Shoals:2 | Got a dull robe {god gift}
 22383 | Shoals:2 | Identified the +2 robe "Diukhy" {rPois rCorr Int+2} (Okawaru gifted it to you on level 2 of the Shoals)
 22586 | Shoals:2 | Noticed a kraken
 22612 | Shoals:2 | Killed a kraken
 22627 | Shoals:2 | Reached skill level 10 in Shields
 23210 | Shoals:2 | Found Ucwumid's Armour Shop.
 24022 | Shoals:3 | Reached XP level 17. HP: 152/152 MP: 22/22
 24172 | Shoals:4 | Entered Level 4 of the Shoals
 24599 | Shoals:4 | Noticed toffzen's ghost (adept DsBe)
 24625 | Shoals:4 | Killed toffzen's ghost
 24686 | Shoals:4 | Received a gift from Okawaru
 24693 | Shoals:4 | Got a brightly glowing mace {god gift}
 24694 | Shoals:4 | Identified the +3 mace "Sutopnah" {venom, +Blink rElec MP+9 Int-3} (Okawaru gifted it to you on level 4 of the Shoals)
 24770 | Shoals:4 | Noticed Ilsuiw
 24970 | Shoals:4 | Killed Ilsuiw
 25119 | Shoals:4 | Got a translucent mace
 25215 | Shoals:4 | Noticed a kraken
 25563 | Shoals:4 | Reached skill level 17 in Unarmed Combat
 25959 | Shoals:4 | Received a gift from Okawaru
 25961 | Shoals:4 | Got a scorched trident {pain}
 25976 | Shoals:4 | Killed a kraken
 25981 | Shoals:4 | Identified the +10 trident "Heolupt" {pain, *Slow Str-4 Dex+8} (You took it off a merfolk on level 4 of the Shoals)
 25983 | Shoals:4 | Identified the +4 mace of Calculation {crush, Str+4 Stlth+} (You found it on level 4 of the Shoals)
 26017 | Shoals:4 | Got a barnacled rune of Zot
 26297 | Shoals:4 | Found Ujeu's Food Emporium.
 26878 | Shoals:4 | Received a gift from Okawaru
 26905 | Shoals:4 | Reached skill level 10 in Throwing
 27243 | D:13     | Found a portal to a secret trove of treasure.
 27330 | D:13     | Received a gift from Okawaru
 27350 | D:13     | Got a fine longbow {god gift}
 27780 | D:13     | Found a gate to the Vaults.
 28344 | D:14     | Received a gift from Okawaru
 28456 | D:14     | Noticed Nessos
 28460 | D:14     | Killed Nessos
 28460 | D:14     | Reached XP level 18. HP: 151/159 MP: 24/24
 28606 | D:14     | Reached skill level 10 in Invocations
 28859 | D:15     | Entered Level 15 of the Dungeon
 29185 | D:15     | Received a gift from Okawaru
 29195 | D:15     | Got a smoking cloak {god gift}
 29206 | D:15     | Identified the +4 cloak of Fashionability {rN++ Dex-2} (Okawaru gifted it to you on level 15 of the Dungeon)
 29465 | D:15     | Reached skill level 18 in Unarmed Combat
 29470 | D:15     | Found a staircase to the Depths.
 29671 | D:15     | Found a shadowy altar of Dithmenos.
 29938 | Depths:1 | Entered Level 1 of the Depths
 30012 | Depths:1 | Identified the +1 longbow of the Asp {venom, *Drain rN+ Int+3} (Okawaru gifted it to you on level 13 of the Dungeon)
 30367 | Depths:1 | Found a one-way gate to the infinite horrors of the Abyss.
 31298 | Depths:1 | Found Caugesu's Book Shoppe.
 31318 | Depths:1 | Noticed Jorgrun
 31337 | Depths:1 | Killed Jorgrun
 31802 | Depths:1 | Found Amairet's Antique Armour Emporium.
 31861 | Depths:1 | Found a shattered altar of Ashenzari.
 31965 | Depths:1 | Found a gateway to Hell.
 32387 | D:7      | Bought a scroll of identify for 26 gold pieces
 32387 | D:7      | Bought a potion of heal wounds for 65 gold pieces
 33269 | Depths:2 | Paralysed by a floating eye for 4 turns
 33277 | Depths:2 | Paralysed by a floating eye for 3 turns
 33568 | Depths:1 | Received a gift from Okawaru
 33576 | Depths:1 | Got an ichor-stained hat {god gift}
 33587 | Depths:1 | Identified the +2 hat of Hadjma {rF+ Int+3 Slay+3 Stlth+} (Okawaru gifted it to you on level 1 of the Depths)
 33721 | Depths:2 | HP: 6/159 [cyan very ugly thing (20)]
 33727 | Depths:2 | Slain by a cyan very ugly thing

Skill      XL: |  1  2  3  4  5  6  7  8  9 10 11 12 13 14 15 16 17 18 |
---------------+-------------------------------------------------------+-----
Shields        | 3 4 5 6 7 8 9 10 | 10.0
Unarmed Combat | 3 4 5 7 10 12 13 14 15 16 17 18 | 18.3
Dodging        | 3 4 5 6 7 8 9 |  9.4
Fighting       | 3 4 5 6 |  6.2
Throwing       | 1 2 3 4 5 6 7 8 9 10 | 10.9
Invocations    | 3 4 6 7 8 9 10 | 10.5
Evocations     | 2 3 4 5 7 8 |  8.5
Armour         | 1 4 7 8 9 |  9.4
Polearms       | |  0.2

Action                   |  1- 3 |  4- 6 |  7- 9 | 10-12 | 13-15 | 16-18 || total
-------------------------+-------+-------+-------+-------+-------+-------++-------
Melee: Unarmed           |    92 |   160 |   266 |   739 |   968 |  1526 ||  3751
       Spear             |       |       |       |     4 |       |       ||     4
Throw: Large rock        |       |       |       |     8 |    44 |    43 ||    95
       Javelin           |       |       |       |       |     5 |    19 ||    24
Invok: Heroism           |       |       |     1 |    13 |     6 |    18 ||    38
       Finesse           |       |       |       |     1 |       |     7 ||     8
Evoke: Wand              |       |       |       |     3 |       |    12 ||    15
       Lamp of fire      |       |       |       |       |       |     2 ||     2
       Box of beasts     |       |       |       |       |       |     1 ||     1
  Use: Scroll            |       |       |     3 |    20 |    10 |    11 ||    44
       Potion            |       |       |       |    10 |     6 |     8 ||    24
 Stab: Sleeping          |     2 |     1 |     1 |     2 |       |       ||     6
       Invisible         |       |       |       |       |     2 |       ||     2
       Confused          |       |       |       |       |       |     2 ||     2
  Eat: Chunk             |    17 |    14 |    22 |    66 |    73 |   113 ||   305
       Meat ration       |       |       |       |       |       |     2 ||     2
       Bread ration      |       |       |       |       |       |     1 ||     1
Armor: Robe              |    22 |    46 |    43 |    91 |       |       ||   202
       Fire dragon scale |       |       |       |    35 |   265 |   377 ||   677
Dodge: Dodged            |    26 |    48 |    73 |   241 |   266 |   419 ||  1073
       Deflected         |       |       |       |     3 |       |     9 ||    12
Block: Shield            |    42 |    79 |   117 |   439 |   715 |  1138 ||  2530
       Reflection        |       |       |       |     1 |    12 |   129 ||   142
